tourhack, neutral male human Tourist -------- |......| |......| ##-......| ------.-- # |<.....| |........#############|......| |.......| # #------|- |........########## ######@f# |....>..| B --------- # tourhack the Sightseer Experience level: 5 Strength: 13 Dexterity: 15 Constitution: 13 Intelligence: 15 Wisdom: 8 Charisma: 19 Health: 0(31) Energy: 14(14) Def: 10 Gold: 504 Moves: 2601 Dungeon seed: o-gukQj2Ps19kZRl Game ID: tourhack_1459261934 Your Inventory: Coins $ - 504 gold pieces Weapons a - 51 uncursed +2 darts (in quiver) x - an uncursed +0 dagger (weapon in hand) Armor e - an uncursed +0 Hawaiian shirt (being worn) r - a blessed +1 orcish helm (being worn) w - an uncursed +0 dwarvish cloak (being worn) y - an uncursed +0 splint mail (being worn) Y - an uncursed +0 pair of iron shoes (being worn) Comestibles b - an uncursed carrot c - 2 uncursed oranges d - 4 uncursed fortune cookies f - 6 uncursed food rations h - 2 uncursed tripe rations Scrolls R - a blessed scroll of identify U - an uncursed scroll of create monster V - a cursed scroll of charging Potions S - an uncursed potion of sickness T - an uncursed potion of paralysis Wands m - an uncursed wand of secret door detection (0:14) M - a blessed wand of light (0:10) O - a blessed wand of light (0:15) Tools g - an uncursed lock pick k - an uncursed credit card l - an uncursed towel n - an uncursed expensive camera (0:92) q - an uncursed leash (in use) v - an uncursed magic marker (0:51) Gems o - an uncursed worthless piece of red glass z - an uncursed turquoise stone N - 2 uncursed worthless pieces of black glass Spells and supernatural/magical abilities: Name Level Category Fail Memory W - pray for help -- divine ? -- Your skills at the end: Miscellaneous Skills wands [Basic] Weapon Skills dart [Basic] Spellcasting Skills Final Attributes: You were devoutly aligned. You are dead. Vanquished creatures: an imp a fog cloud a gnome lord a kobold mummy a dwarf 2 kobold shamans an iguana a centipede a monkey a wererat a gas spore a hobbit 2 geckos a hobgoblin 5 giant rats a brown mold 2 red molds 13 jackals 2 foxes a kobold 2 newts a goblin 4 sewer rats 7 grid bugs a lichen a kobold zombie 56 creatures vanquished. Voluntary challenges: You did not adorn yourself with jewelry or accessories. You were an atheist. You never hit with a wielded weapon. You did not apply a unicorn horn. You were illiterate. You never genocided any monsters. You never polymorphed an object. You never changed form. You used no wishes. You never split a pudding. You never wrote Elbereth's name. You never violated your personal moral code. Dungeon overview: The Dungeons of Doom: levels 1 to 10 Level 1 a fountain a long staircase Level 2 a fountain Level 3 Level 4 a fountain Level 5 Level 6 Level 7 Level 8 many fountains Level 9 <- You were here Level 10 History has recorded: On T:1 you entered the Dungeons of Doom to retrieve the Amulet of Yendor! On T:201 you reached level 2 of The Dungeons of Doom. On T:622 you advanced to experience level 2. On T:652 you reached level 3 of The Dungeons of Doom. On T:746 you reached level 4 of The Dungeons of Doom. On T:941 you reached level 5 of The Dungeons of Doom. On T:1380 you reached level 6 of The Dungeons of Doom. On T:1535 you advanced to experience level 3. On T:1727 you advanced to experience level 4. On T:1848 you reached level 7 of The Dungeons of Doom. On T:2129 you reached level 8 of The Dungeons of Doom. On T:2341 you advanced to experience level 5. On T:2483 you reached level 9 of The Dungeons of Doom. On T:2530 you reached level 10 of The Dungeons of Doom. Score breakdown: Gold: 0 ( 0 points) Experience: 5 levels ( 400 points) Exploration: 10 levels ( 270 points) Discoveries: 1 item ( 50 points) Variety of kills: 26 monsters ( 1300 points) Major goal: (nothing yet) ( 0 points) Survival: died (score multiplied by 3) Total score: 6060 Latest messages: You put a swirly potion into the chest. You put a fizzy potion into the chest. You put a wire ring into the chest. You put a looking glass into the chest. You put a black gem into the chest. The giant bat misses. The giant bat bites! You die... Final status: Aloha tourhack the Tourist, killed by a giant bat... You died in The Dungeons of Doom on dungeon level 9 with 6060 points, and 504 pieces of gold, after 2601 moves. You were level 5 with a maximum of 31 hit points when you died.